 Dungeon Crawl Stone Soup version 0.29.1-1-gd02db6906a (webtiles) character file.

Game seed: 6955841476770637310

49 Earthwalker the Trooper (level 3, -3/33 HPs)
             Began as a Minotaur Fighter on Oct 15, 2022.
             Slain by Robin
             ... wielding a +0 trident
              (7 damage)
             ... on level 2 of the Dungeon.
             The game lasted 00:02:43 (954 turns).

Earthwalker the Trooper (Minotaur Fighter)           Turns: 954, Time: 00:02:43

Health: -3/33      AC:  7    Str: 22    XL:     3   Next: 51%
Magic:  2/2        EV:  9    Int:  5    God:
Gold:   97         SH:  4    Dex:  9    Spells: 2/2 levels left

rFire   . . .      SeeInvis .   a - +0 trident
rCold   . . .      Faith    .   c - +0 buckler
rNeg    . . .      Spirit   .   b - +0 scale mail
rPois   .          Reflect  .   (helmet restricted)
rElec   .          Harm     .   (no cloak)
rCorr   .          Rampage  .   (no gloves)
Will    .....                   (no boots)
Stlth   ..........              (no amulet)
HPRegen 0.11/turn               (no ring)
MPRegen 0.08/turn               (no ring)

@: no status effects
A: horns 2, retaliatory headbutt
a: no special abilities


You were on level 2 of the Dungeon.
You visited 1 branch of the dungeon, and saw 2 of its levels.

You collected 97 gold pieces.

Inventory:

Hand Weapons
 a - a +0 trident (weapon)
Armour
 b - a +0 scale mail (worn)
 c - a +0 buckler (worn)
Scrolls
 f - a scroll of enchant weapon {unknown}
 h - 2 scrolls of immolation
 i - a scroll of magic mapping {unknown}
 j - a scroll of poison {unknown}
 k - 2 scrolls of teleportation {unknown}
 l - 3 scrolls of blinking {unknown}
 m - 2 scrolls of identify
Potions
 d - a potion of might
 e - a potion of attraction
 g - a potion of lignification
 n - a potion of cancellation {unknown}


   Skills:
 * Level 4.1 Fighting
 * Level 3.0 Polearms
 * Level 4.0 Armour
 * Level 1.4 Dodging
 * Level 4.0 Shields


You had 2 spell levels left.
You didn't know any spells.
Your spell library contained the following spells:

 Spells                   Type           Power      Damage    Failure   Level
 Gell's Gravitas          Tloc           0%         N/A       99%         3
 Teleport Other           Tloc           0%         N/A       99%         3
 Dispersal                Tloc           0%         N/A       100%        6


Dungeon Overview and Level Annotations

Branches:
Dungeon (2/15)

Altars:

Annotations:
D:2 Robin


Innate Abilities, Weirdness & Mutations

You have a pair of horns on your head.
You reflexively headbutt those who attack you in melee.


Message History

A goblin comes into view. It is wielding a +0 club.
Robin throws the goblin at you! The hobgoblin completely misses you.
You furiously retaliate!
You headbutt the hobgoblin, but do no damage.
The goblin hits you but does no damage.
Your Polearms skill increases to level 3!
You barely miss the goblin. You block the goblin's attack.
You block the hobgoblin's attack. The goblin hits you with a +0 club.
You hit the goblin but do no damage. You block the goblin's attack.
Robin says, "A pitiful Minotaur like you will never find the ORB!"
Robin throws the goblin at you! The hobgoblin hits you.
* * * LOW HITPOINT WARNING * * *
You block the goblin's attack. The goblin attacks as you move away!
You block the goblin's attack. Robin closely misses you.
The hobgoblin attacks as you move away!
The hobgoblin hits you but does no damage.
Robin roars a battlecry!
You are too injured to fight recklessly!
You barely miss the goblin. You headbutt the goblin.
The goblin is severely wounded.
The goblin hits you but does no damage. x3; Robin hits you but does no damage.
You closely miss the goblin. You headbutt the goblin.
You kill the goblin!
The goblin hits you but does no damage. Robin throws the goblin at you!
You hit the hobgoblin.
You kill the hobgoblin!
Robin hits you but does no damage. The goblin hits you with a +0 club.
* * * LOW HITPOINT WARNING * * *
The goblin attacks as you move away! The goblin hits you with a +0 club.
* * * LOW HITPOINT WARNING * * *
Robin barely misses you.
Items here: )))) †††.
The goblin attacks as you move away! The goblin hits you but does no damage.
You closely miss the goblin. The goblin hits you with a +0 club.
* * * LOW HITPOINT WARNING * * *
You puncture the goblin!
You kill the goblin!
Robin hits you from afar with a +0 trident!
You die...

#.##.# #.#
#.##.# #.#
#.##.# #.#
#.##.# #.#
#....# #.#
###### #.# #
#...# #.# #g
#.#)#####.##
#..#).)g)@....#
#..).##########
##.### #. . ##


You could see Robin.

Vanquished Creatures
  4 ball pythons
  4 bats (D:1)
  An endoplasm (D:1)
  10 goblins
  8 hobgoblins
  4 quokkas
  A frilled lizard (D:1)
  5 kobolds (D:1)
  6 rats
43 creatures vanquished.

Notes
Turn   | Place    | Note
-------+----------+-------------------------------------------
     0 | D:1      | Earthwalker the Minotaur Fighter began the quest for the
                  | Orb.
     0 | D:1      | Reached XP level 1. HP: 19/19 MP: 0/0
   217 | D:1      | Reached XP level 2. HP: 24/27 MP: 1/1
   244 | D:1      | Noticed a shining eye
   253 | D:1      | Found a faded altar of an unknown god.
   254 | D:1      | Noticed a great orb of eyes
   254 | D:1      | Noticed a golden eye
   254 | D:1      | Noticed an eye of devastation
   352 | D:1      | Reached skill level 1 in Dodging
   588 | D:2      | Reached XP level 3. HP: 32/33 MP: 2/2
   928 | D:2      | Noticed Robin
   954 | D:2      | Slain by Robin

Illustrated notes

Levels and vault maps discovered:
D:1:      ebering_trefoil_3fold, layout_basic,
          hellmonk_ecumenical_altar_watching_god
D:2:      layout_basic, kennysheep_another_room, uniq_robin, uniq_natasha

Skill      XL: |  1  2  3 |
---------------+----------+-----
Dodging        | 1 |  1.4
Fighting       | 4 |  4.1
Armour         | 4 |  4.0
Shields        | 4 |  4.0
Polearms       | 3 |  3.0

Action                   || total
-------------------------++-------
Melee: Trident           ||    87
       Headbutt          ||     6
  Use: Scroll            ||     3
Armor: Scale mail        ||    42
Dodge: Dodged            ||    20
Block: Buckler           ||    15
